Cogmind - Beta 13 @@@ ROGUE MODE // 2024.04.07 @ 00:19:16 Player: gabr Result: Destroyed by L-31 Rogue with Katana Performance ------------- Evolutions (1) 500 Regions Visited (4) 800 Robots Destroyed (37) 185 Value Destroyed (686) 686 Prototype IDs (2) 40 Alien Tech Used (0) 0 Bonus (-38) -38 TOTAL SCORE: 2173 Bonus ------- Friendly Fire -38 Cogmind --------- Core Integrity 0/400 Matter 282/300 Energy 100/100 System Corruption 9% Temperature Cool (0) Movement Core (200) Ox3 Location -9/Mines Parts ------- > --- POWER (1) -------- (None) > --- PROPULSION (4) --- (None) > --- UTILITY (2) ------ Medium Storage Unit Core Shielding > --- WEAPON (2) ------- (None) > --- INVENTORY (10) --- Light Ion Engine Light Treads Improved Heat Sink Medium Storage Unit Reaction Control System Reaction Control System Power Shielding Field Recycling Unit (0) Peak State ------------ > --- POWER ------------ Heavy Ion Engine > --- PROPULSION ------- Cesium-ion Thruster Cesium-ion Thruster Cesium-ion Thruster Cesium-ion Thruster > --- UTILITY ---------- Medium Storage Unit Reaction Control System > --- WEAPON ----------- Medium Laser Light Assault Rifle > --- INVENTORY -------- Ion Engine Light Ion Engine Improved Heat Sink Medium Storage Unit Seismic Detector Reaction Control System Reaction Control System Power Shielding EM Pulse Gun Grenade Launcher [Rating: 22] Favorites ----------- Power Ion Engine Engine Ion Engine Propulsion Aluminum Leg Treads Light Treads Leg Aluminum Leg Flight Unit Cesium-ion Thruster Utility Small Storage Unit Device Sensor Array Storage Small Storage Unit Protection Core Shielding Weapon Medium Laser Energy Gun Medium Laser Ballistic Gun Light Assault Rifle Launcher Grenade Launcher Build | -11 -10 -10 -9 -9 ------- Run | Yrd Mat Min Mat Min Slots Evolved 2 | . . . 2 . Power . | . . . . . Propulsion 2 | . . . 2 . Utility . | . . . . . Weapon . | . . . . . Parts Attached 44 | 8 5 2 28 1 Power 7 | 1 . . 6 . Engine 7 | 1 . . 6 . Core . | . . . . . Reactor . | . . . . . Propulsion 18 | 2 2 . 14 . Treads 1 | . . . 1 . Leg 11 | 2 2 . 7 . Wheel . | . . . . . Hover . | . . . . . Flight 6 | . . . 6 . Utility 9 | 1 2 2 3 1 Device 4 | . 1 2 1 . Storage 3 | 1 . . 2 . Processor . | . . . . . Hackware . | . . . . . Protection 2 | . 1 . . 1 Artifact . | . . . . . Weapon 10 | 4 1 . 5 . Energy Gun 5 | 2 1 . 2 . Energy Cannon . | . . . . . Ballistic Gun 3 | 2 . . 1 . Ballistic Cannon . | . . . . . Launcher 2 | . . . 2 . Special Weapon . | . . . . . Impact Weapon . | . . . . . Slashing Weapon . | . . . . . Piercing Weapon . | . . . . . Special Melee Weapon . | . . . . . Unidentified Prototypes 2 | . . 1 1 . Parts Lost 17 | . . . 17 . Power 2 | . . . 2 . Propulsion 9 | . . . 9 . Utility 1 | . . . 1 . Weapon 5 | . . . 5 . Highest Loss Streak 5 | . . . 5 . To Critical Strikes 1 | . . . 1 . Average Slot Usage (%) 84 | . 99 100 80 22 Engine 10 | . 14 14 9 . Treads 1 | . . . 2 . Leg 15 | . 28 28 10 . Flight 12 | . . . 17 . Device 9 | . 12 14 9 . Storage 11 | . 14 14 11 11 Energy Gun 14 | . 14 14 14 . Ballistic Gun 7 | . 14 14 4 . Naked Turns . | . . . . . Heaviest Build 20 | 13 14 14 20 11 Greatest Support 40 | 20 20 20 40 3 Greatest Overweight (x) 3 | 1 . . 3 3 Average Overweight (x) . | . . . . 3 Largest Inventory Capacity 10 | 8 8 8 10 10 Average Capacity 8 | 7 8 8 9 10 Most Carried 10 | 8 8 8 10 8 Average Carried 8 | 3 7 8 9 8 Final Capacity 10 | 8 8 8 10 10 Final Carried 9 | 8 8 8 9 8 Class Distribution -------------------- 79% | Mutant 12% | Scavenger-Mutant 8% | Sprinter Dominant Class ---------------- Mutant | -10/Materials Mutant | -10/Mines Mutant | -9/Materials Mutant | -9/Mines Resources | -11 -10 -10 -9 -9 ----------- Run | Yrd Mat Min Mat Min Matter Collected 719 | 214 124 . 381 . Remotely . | . . . . . Salvage Created 1173 | 85 169 . 919 . Parts 65 | 6 9 . 50 . Haulers Intercepted 2 | . . . 2 . Recyclers Shooed . | . . . . . Parts Field Recycled . | . . . . . Retrieved Matter . | . . . . . Parts Self-Destructed . | . . . . . Prevented . | . . . . . Kills | -11 -10 -10 -9 -9 ------- Run | Yrd Mat Min Mat Min Combat Hostiles Destroyed 23 | . 4 . 19 . Guns 17 | . 4 . 13 . AOE 6 | . . . 6 . Classes Destroyed 9 | 2 1 . 6 . Worker 4 | . . . 4 . Builder 1 | . . . 1 . Tunneler 2 | 2 . . . . Hauler 2 | . . . 2 . Recycler 3 | 1 . . 2 . Operator 2 | . . . 2 . Swarmer 8 | . . . 8 . Grunt 14 | . 4 . 10 . Brawler 1 | . . . 1 . Best Kill Streak 7 | 3 2 . 7 . Combat Bots Only 6 | . 2 . 6 . Max Kills in Single Turn 3 | 1 1 . 3 . Gunslinging 1 | . . . 1 . Exploded 2 | . . . 2 . Melee . | . . . . . Uniques/NPCs Destroyed . | . . . . . Combat | -11 -10 -10 -9 -9 -------- Run | Yrd Mat Min Mat Min Hostile Shots Fired 187 | . 23 . 144 20 Missed 63 | . 7 . 49 7 Damage Taken 1745 | . 220 . 1318 207 Core 457 | . 39 . 307 111 Absorbed by Shields . | . . . . . Redirected to Shielding 25 | . . . . 25 Core Remaining (%) 92 | 100 . 84 . . Volleys Fired 98 | 3 16 . 79 . Largest 2 | 2 2 . 2 . Hottest 90 | 70 70 . 90 . Shots Fired 183 | 6 32 . 145 . Gun 179 | 6 32 . 141 . Cannon . | . . . . . Launcher 4 | . . . 4 . Special . | . . . . . Kinetic 56 | 3 16 . 37 . Thermal 86 | 3 16 . 67 . Explosive 4 | . . . 4 . Electromagnetic 37 | . . . 37 . Robot Hit Streak 12 | 5 9 . 12 . Robot Miss Streak 5 | . 2 . 5 . Penetration Max . | . . . . . Secondary Targets 4 | . . . 4 . Max Gunslinging Chain 1 | . . . 1 . Shots Hit Robots 111 | 5 22 . 84 . Core Hits 61 | 4 11 . 46 . Critical Kills . | . . . . . Critical Parts Destroyed . | . . . . . Critical Strikes 6 | 1 2 . 3 . Burn 6 | 1 2 . 3 . Melee Attacks . | . . . . . Impact . | . . . . . Slashing . | . . . . . Piercing . | . . . . . Sneak Attacks . | . . . . . Combat Hostiles . | . . . . . Follow-up Attacks . | . . . . . Damage Inflicted 1652 | 53 233 . 1366 . Guns 1262 | 53 233 . 976 . Cannons . | . . . . . Explosions 358 | . . . 358 . Melee . | . . . . . Ramming 32 | . . . 32 . Kinetic 290 | 16 69 . 205 . Thermal 814 | 37 164 . 613 . Explosive 205 | . . . 205 . Electromagnetic 311 | . . . 311 . Impact . | . . . . . Slashing . | . . . . . Piercing . | . . . . . Highest Corruption 9 | . . . 9 9 Average Corruption 8 | . . . 8 9 Corruption Purged . | . . . . . Corruption Blocked . | . . . . . Effects 26 | . . . 25 1 Message Errors 8 | . . . 8 . Matter Fused 7 | . . . 6 1 Heat Flow Errors 4 | . . . 4 . Energy Discharges 2 | . . . 2 . Data Loss (minor) 1 | . . . 1 . Data Loss (major) 1 | . . . 1 . Alerts 1 | . . . 1 . Weapon Failures 2 | . . . 2 . Overload Shots . | . . . . . Overflow Damage 23 | . . . 23 . Projectiles . | . . . . . Explosions 23 | . . . 23 . Melee . | . . . . . Knockbacks . | . . . . . Impact . | . . . . . Kinetic . | . . . . . Secondary . | . . . . . Self-Inflicted Damage 89 | . . . 89 . Shots 3 | . . . 3 . Rammed . | . . . . . Targets Rammed 9 | . . . 9 . Kicked 9 | . . . 9 . Crushed . | . . . . . Highest Temperature 374 | 30 205 . 374 . Average Temperature 95 | 18 72 . 102 . Received Heat Transfer 672 | . 141 . 471 60 Effects 2 | . . . 2 . Shutdowns 1 | . . . 1 . Energy Bleed 1 | . . . 1 . Siege Activations . | . . . . . Robots Corrupted . | . . . . . Combat Hostiles . | . . . . . Parts Fried . | . . . . . Impact Corruptions . | . . . . . Robots Melted . | . . . . . Combat Hostiles . | . . . . . Parts Melted 3 | . 1 . 2 . Heat Transferred 2643 | 185 629 . 1829 . Parts Sabotaged . | . . . . . Parts Stolen . | . . . . . Parts Stripped . | . . . . . Power Chain Reactions 2 | . . . 2 . Alert | -11 -10 -10 -9 -9 ------- Run | Yrd Mat Min Mat Min Peak Influence 243 | 15 139 54 243 81 Initial 81 | . 9 54 20 81 Average 106 | 4 65 54 133 81 Maximum Alert Level 1 | . . . 1 . Low Security (%) 86 | 100 100 100 79 100 Level 1 13 | . . . 20 . Level 2 . | . . . . . Level 3 . | . . . . . Level 4 . | . . . . . Level 5 . | . . . . . High Security . | . . . . . Max Security . | . . . . . Squads Dispatched 4 | . 1 . 3 . Investigation 1 | . . . 1 . Extermination . | . . . . . Reinforcement 3 | . 1 . 2 . Assault . | . . . . . Garrison . | . . . . . Intercept . | . . . . . Searches Triggered . | . . . . . Construction Impeded . | . . . . . Haulers Reinforced . | . . . . . Active Scanning Responses . | . . . . . Cargo Convoy Interrupts . | . . . . . Stealth | -11 -10 -10 -9 -9 --------- Run | Yrd Mat Min Mat Min Distress Signals 3 | . . . 3 . Communications Jammed . | . . . . . Distress Signals . | . . . . . Times Spotted 54 | . 7 . 44 3 Peak Tracking Total 9 | . 2 . 9 3 Tactical Retreats 4 | . . . 4 . Traps | -11 -10 -10 -9 -9 ------- Run | Yrd Mat Min Mat Min Traps Triggered 1 | . . . 1 . Indirectly . | . . . . . Trap Hack Attempts . | . . . . . Triggered . | . . . . . Disarmed . | . . . . . Reprogrammed . | . . . . . Reused . | . . . . . Traps Extracted . | . . . . . Installed . | . . . . . Triggered . | . . . . . Machines | -11 -10 -10 -9 -9 ---------- Run | Yrd Mat Min Mat Min Machines Disabled 2 | . . . 2 . Max in Single Turn 1 | . . . 1 . Machines Repaired . | . . . . . Machines Dismantled . | . . . . . Machines Sabotaged . | . . . . . Overloaded Fab Kills . | . . . . . Hacking | -11 -10 -10 -9 -9 --------- Run | Yrd Mat Min Mat Min Machines Accessed 4 | . 1 1 2 . Terminals 2 | . . . 2 . Fabricators . | . . . . . Repair Stations . | . . . . . Recycling Units 1 | . 1 . . . Scanalyzers . | . . . . . Garrison Access . | . . . . . Total Hacks 4 | . 1 1 2 . Successful 4 | . 1 1 2 . Failed . | . . . . . Catastrophic . | . . . . . Database Lockouts . | . . . . . Manual 2 | . 1 . 1 . Terminals 2 | . . . 2 . Fabricators . | . . . . . Repair Stations . | . . . . . Recycling Units 1 | . 1 . . . Scanalyzers . | . . . . . Garrison Access . | . . . . . Terminal Hacks 2 | . . 1 1 . Open Door 1 | . . 1 . . Zone Layout 1 | . . . 1 . Fabricator Hacks . | . . . . . Repair Station Hacks . | . . . . . Recycling Unit Hacks . | . . . . . Scanalyzer . | . . . . . Garrison Access Hacks . | . . . . . Unauthorized Hacks 2 | . 1 . 1 . Terminals 1 | . . . 1 . Assimilate 1 | . . . 1 . Fabricators . | . . . . . Repair Stations . | . . . . . Recycling Units 1 | . 1 . . . Monitor 1 | . 1 . . . Scanalyzers . | . . . . . Garrison Access . | . . . . . Data Cores Recovered . | . . . . . Used . | . . . . . Hacking Detections 1 | . . . 1 . Full Trace Events . | . . . . . Feedback Events . | . . . . . Feedback Blocked . | . . . . . Robot Schematics Acquired . | . . . . . Robots Built . | . . . . . Authchips . | . . . . . Time . | . . . . . Total Robot Build Rating . | . . . . . Part Schematics Acquired . | . . . . . Parts Built . | . . . . . Authchips . | . . . . . Time . | . . . . . Total Part Build Rating . | . . . . . Parts Repaired . | . . . . . Time . | . . . . . Parts Recycled . | . . . . . Recycled Matter . | . . . . . Retrieved Matter . | . . . . . Retrieved Components . | . . . . . Parts Scanalyzed . | . . . . . Part Schematics Acquired . | . . . . . Parts Damaged . | . . . . . Bothacking | -11 -10 -10 -9 -9 ------------ Run | Yrd Mat Min Mat Min Used RIF Installer . | . . . . . Robots Hacked . | . . . . . Non-combat . | . . . . . Combat . | . . . . . Robot Hacks Applied . | . . . . . Relay Couplers Released . | . . . . . Fabnet Peak Effective % . | . . . . . Robots Rewired . | . . . . . Allies Hacked . | . . . . . Hacks Repelled . | . . . . . Allies | -11 -10 -10 -9 -9 -------- Run | Yrd Mat Min Mat Min Total Allies 1 | . . . 1 . Largest Group 1 | . . . 1 . Highest-Rated Group 10 | . . . 10 . Highest-Rated Ally 10 | . . . 10 . Total Orders . | . . . . . Ally Attacks . | . . . . . Total Damage . | . . . . . Kills . | . . . . . Allies Corrupted . | . . . . . Allies Melted . | . . . . . Intel | -11 -10 -10 -9 -9 ------- Run | Yrd Mat Min Mat Min Robot Analysis Total . | . . . . . Derelict Logs Recovered . | . . . . . Drone Launches . | . . . . . Drone Recoveries . | . . . . . Exploration | -11 -10 -10 -9 -9 ------------- Run | Yrd Mat Min Mat Min Turns Passed 1656 | 117 330 73 1117 19 Spaces Moved 929 | 68 210 58 584 9 Core 19 | 7 . . 3 9 Treads 7 | . . . 7 . Legs 525 | 61 210 58 196 . Wheels . | . . . . . Hover . | . . . . . Flight 378 | . . . 378 . Fastest Speed 26 | 50 120 120 26 200 Average Speed 113 | 129 120 120 106 200 Slowest Speed 275 | 190 120 120 275 200 Overloaded Moves . | . . . . . Propulsion Burnouts . | . . . . . Robots Hopped . | . . . . . Cave-ins Triggered . | . . . . . Exploration Rate (%) 19 | 4 32 22 34 6 Regions Visited 4 Branch Regions 2 Pre-discovered Areas . | . . . . . Known Exits Taken . | . . . . . Unknown Exits Taken 4 | 1 1 1 1 . Scrap Searched . | . . . . . Spaces Dug . | . . . . . Terrain Destroyed 34 | . . . 34 . Melee . | . . . . . Projectile . | . . . . . AOE 34 | . . . 34 . Terrain Rammed . | . . . . . Walls Destroyed . | . . . . . Machines Disabled . | . . . . . Actions | -11 -10 -10 -9 -9 --------- Run | Yrd Mat Min Mat Min Total 1359 | 89 261 61 938 10 Wait 234 | . 23 . 211 . Move 925 | 67 209 57 583 9 Hop . | . . . . . Pick Up 18 | 8 2 . 8 . Fast Attach 27 | 7 2 2 16 . Attach 7 | 1 . . 5 1 Detach 5 | 2 . . 3 . Swap 10 | . 3 . 7 . Drop 26 | 1 6 2 17 . Fire 98 | 3 16 . 79 . Melee . | . . . . . Ram . | . . . . . Kick 9 | . . . 9 . Crush . | . . . . . Escape Stasis . | . . . . . Rewire . | . . . . . Trap . | . . . . . Miscellaneous . | . . . . . Route ------- -11/Scrapyard -10/Materials -10/Mines -9/Materials -9/Mines History --------- Turn | Location | Event 48 | -11/Scrapyard | Discovered new exit (range 15) 118 | -11/Scrapyard | Entered Materials 300 | -10/Materials | Build established: Mutant 414 | -10/Materials | Discovered new exit (range 16) 448 | -10/Materials | Entered Mines 469 | -10/Mines | Discovered new exit (range 8) 494 | -10/Mines | Found the Drone Emporium 498 | -10/Mines | Found Prototype Device 498 | -10/Mines | Identified Thief Drone Bay 521 | -10/Mines | Entered Materials 521 | -9/Materials | Evolved 2 slots: Propulsion x2 1412 | -9/Materials | Discovered new exit (range 10) 1483 | -9/Materials | Lost 5 parts (3n1u1w) 1566 | -9/Materials | Core integrity fell below 50% 1602 | -9/Materials | Lost 3 parts (1n2w) 1638 | -9/Materials | Entered Mines 1640 | -9/Mines | Core integrity fell below 20% 1653 | -9/Mines | Met a Derelict bent on vengeance 1657 | -9/Mines | Destroyed by L-31 Rogue with Katana Last Messages --------------- 01585_ System corrupted: Heat flow error (+121). 01593_ Kicked A-02 Transporter. 01600_ Kicked A-02 Transporter out of the way. 01602_ W-16 Scout sends out distress signal. 01611_ Kicked M-13 Machinist. 01613_ Lgt. Ion Engine destroyed. 01614_ Kicked Y-45 Defender. 01615_ Kicked Y-45 Defender out of the way. 01618_ Kicked A-02 Transporter out of the way. 01625_ Aluminum Leg destroyed. 01628_ Sml. Laser destroyed. 01631_ Critical hit (Burn: +37). 01632_ T-07 Excavator destroyed. 01633_ K-01 Serf collects debris. 01634_ K-01 Serf destroyed. 01634_ Aluminum Leg destroyed. LOCATION=UNKNOWN GOAL=ESCAPE Something is scanning the area. 01647_ System corrupted: Matter fused (-8). Map ----- +----------------------------------------------------+ | ??????????????????????????????????????? | | ??????????????????????????????????????? | | ??????????????????????????????????????? | | ??????????????????????????????????????? | | ??????????????????????????????????????? | | ??????????????????????????????????????? | | ??????????????????????????????????????? | | ??????????????????????????????????????? | | ??????????????????????????????????????? | | ??????????????????????????????????????? | | ??????????????????????????????????????? | | ??????????????????????????????????????? | | ??????????????????????????????????????? | | ??????????????????????????????????????? | | ??????????????????????????????????????? | | ??????????????????????????????????????? | | ??????????????????????????????????????? | | ???????####???????????????????????????? | | ???????# ???????????????????????????? | | ???????# #???????????????????????????? | | ???????# #???????????????????????????? | | ???????# #???????????????????????????? | | ???????# ####????????????????????????? | | ???????# # ######### #??????????????? | | ??????## l #??????????????? | | ???#### g @ #??????????????? | | ??## g #######??????????????? | | ??# ##????????????????????? | | ??## ### #####?????????????????????? | | ???#####?# #?????????????????????????? | | ?????????# #?????????????????????????? | | ?????????# #?????????????????????????? | | ?????????# #?????????????????????????? | | ?????????# #?????????????????????????? | | ?????????# #?????????????????????????? | | ?????????# ?????????????????????????? | | ?????????# ?????????????????????????? | | ?????????### ?????????????????????????? | | ???????????? ?????????????????????????? | | ???????????? ?????????????????????????? | | ??????????????????????????????????????? | | ??????????????????????????????????????? | | ??????????????????????????????????????? | | ??????????????????????????????????????? | | ??????????????????????????????????????? | | ??????????????????????????????????????? | | ??????????????????????????????????????? | | ??????????????????????????????????????? | | ??????????????????????????????????????? | | ??????????????????????????????????????? | +----------------------------------------------------+ Best States ------------- Heat Dissipation 28 Energy Generation 10 Energy Capacity 250 Matter Stores 300 Matter Capacity 300 Sight Range 16 Robot Scan Range 14 Terrain Scan Density 10 Core Shielding 20 Power Shielding 33 Evasion (%) 72 Recoil Reduction 1 Item Schematics ----------------- None Robot Schematics ------------------ None Fabricated ------------ Nothing Alien Tech Used ----------------- None Achievements -------------- None Challenges ------------ None Game ------ Seed MobileMiniMount Manual? 0 Play Time 00:12:03 Cumulative 59.4 hours Start 2024.04.07 @ 00:07:07 End 2024.04.07 @ 00:19:16 Sessions 1 Manual Loads 0 Difficulty Rogue Special Mode None Game No. 133 Rogue 133 Adventurer 0 Explorer 0 Win Type - Total 0 Types 0/0/0/0/0/0/0/0/0 Lore% 25 Gallery% 38 Achievement% 30 Wizard Run 0 Options --------- Layout 0 ASCII 0 Keyboard 1 Movement Numpad Keybinds 0 Fullscreen 1 Font 24/Terminus Map View 76x50 Zoom Use 0% Tactical HUD 1 Map Filters NONE Filters NONE Steam 1 RUN: 823617dc-1f8f-4f40-ba31-d7783f04f2ad